 Dungeon Crawl Stone Soup version 0.26-a0-639-g72c4674329 (webtiles) character file.

Game seed: 224618487445938352

2707 Apogee the Covert (level 9, -9/39 HPs)
             Began as a Spriggan Earth Elementalist on Sept 25, 2020.
             Was a Believer of Ashenzari.
             Shot with an arrow by a centaur warrior (14 damage)
             ... on level 8 of the Dungeon.
             The game lasted 00:19:30 (9697 turns).

Apogee the Covert (Spriggan Earth Elementalist)     Turns: 9697, Time: 00:19:30

Health: -9/39      AC:  4    Str:  4    XL:     9   Next: 39%
Magic:  14/23      EV: 22    Int: 19    God:    Ashenzari [**....]
Gold:   142        SH:  0    Dex: 20    Spells: 21/27 levels left

rFire    + . .     SeeInvis +   B - +0 short sword (speed) (curse)
rCold    . . .     Faith    .   (shield restricted)
rNeg     + . .     Spirit   .   G - +1 robe of Fortification {+Fly rN+ Dex+3} (curse)
rPois    +         Reflect  .   (helmet restricted)
rElec    .         Harm     .   J - +0 cloak {rPois}
rCorr    .         Rampage  .   (gloves unavailable)
MR       +....                  (boots unavailable)
Stlth    +++++.....             (no amulet)
HPRegen  0.13/turn              i - ring of protection from fire
MPRegen  0.18/turn              p - +4 ring of evasion (curse)

@: very quick
A: very small, unfitting armour, see invisible, speed 3
a: Curse Item, Scrying, Renounce Religion, Evoke Flight


You were on level 8 of the Dungeon.
You worshipped Ashenzari.
Ashenzari was pleased with you.
You visited 1 branch of the dungeon, and saw 8 of its levels.
You also visited: Sewer.

You collected 564 gold pieces.
You spent 422 gold pieces at shops.

Inventory:

Hand Weapons
 a - a +0 mace
   (You found it on level 1 of the Dungeon)
 d - a +0 short sword
   (You took it off a kobold on level 1 of the Dungeon)
 B - a cursed +0 short sword of speed (weapon)
   (You took it off an orc on level 3 of the Dungeon)
 H - the +9 dagger "Jellybane" {distort, Str+7 Int+4 Dex+4}
   (You found it on level 7 of the Dungeon)

   It warps and distorts space around it.
   Unwielding it can cause banishment or high damage.
   It affects your strength (+7).
   It affects your intelligence (+4).
   It affects your dexterity (+4).
Missiles
 o - 8 atropa-tipped darts
 q - 72 stones (quivered)
 v - 65 poisoned darts
Armour
 c - a +0 robe
 G - the cursed +1 robe of Fortification (worn) {+Fly rN+ Dex+3}
   (You found it on level 6 of the Dungeon)

   It affects your dexterity (+3).
   It protects you from negative energy.
   It lets you fly.
   It has a curse placed upon it.
 I - the +1 robe "Xeisiq" {rCorr}
   (You bought it in a shop on level 7 of the Dungeon)

   It provides partial protection from all sources of acid and corrosion.
 J - a +0 cloak of poison resistance (worn)
   (You bought it in a shop on level 7 of the Dungeon)
Jewellery
 i - a ring of protection from fire (left hand)
   (You found it on level 1 of the Dungeon)
 m - an uncursed ring of stealth
   (You found it on level 2 of the Dungeon)
 p - a cursed +4 ring of evasion (right hand)
   (You found it on level 2 of the Dungeon)
 C - an uncursed ring of protection from fire
   (You found it on level 4 of the Dungeon)
Wands
 k - a wand of polymorph (8)
   (You found it on level 2 of the Dungeon)
 u - a wand of paralysis (7)
   (You found it on level 8 of the Dungeon)
Scrolls
 b - a scroll of fog {unknown}
 e - a scroll of fear {unknown}
 f - 3 scrolls of amnesia {unknown}
 j - a scroll of enchant armour {unknown}
 l - 3 scrolls of immolation {unknown}
 n - 9 scrolls of identify {unknown}
 t - 2 scrolls of noise {unknown}
 y - 2 scrolls of blinking {unknown}
 z - 5 scrolls of teleportation {unknown}
 D - a scroll of vulnerability {unknown}
 E - 4 scrolls of magic mapping {unknown}
 K - a scroll of random uselessness {unknown}
Potions
 g - 3 potions of heal wounds {unknown}
 h - 3 potions of curing {unknown}
 r - 2 potions of mutation {unknown}
 s - 8 potions of stabbing {unknown}
 w - 2 potions of flight {unknown}
 x - a potion of invisibility {unknown}
 A - 3 potions of cancellation {unknown}
 F - 4 potions of haste {unknown}
 L - 2 potions of brilliance {unknown}
 M - a potion of lignification {unknown}


   Skills:
 - Level 3.0 Dodging
 - Level 10.0 Stealth
 + Level 9.6 Spellcasting
 - Level 2.0 Conjurations
 - Level 1.3 Transmutations
 + Level 7.6 Earth Magic


You had 21 spell levels left.
You knew the following spells:

 Your Spells              Type           Power        Failure   Level
a - Sandblast             Erth           #####.       1%          1
q - Passwall              Tmut/Erth      ####....     1%          2
x - Stone Arrow           Conj/Erth      ####..       3%          3

Your spell library contained the following spells:

 Spells                   Type           Power        Failure   Level
 Lee's Rapid Deconstruct  Erth           #####.....   10%         5
 Petrify                  Tmut/Erth      ####....     12%         4


Dungeon Overview and Level Annotations

Branches:
Dungeon (8/15)             Temple (0/1) D:5           Sewer (visited)
   Lair: D:8-11

Altars:
Ashenzari
Fedhas
Makhleb
Nemelex Xobeh
Qazlal
Ru
Uskayaw
Wu Jian
Xom
Yredelemnul
The Shining One

Shops:
D:6 }   D:7 [

Annotations:
D:1 Terence
D:6 1 runed translucent door, Crazy Yiuf
D:8 1 runed translucent door


Innate Abilities, Weirdness & Mutations

You are very small and have problems with some larger weapons.
You are too small for most types of armour.
You have supernaturally acute eyesight. (SInv)
You cover ground extremely quickly.


Message History

You sense a monster nearby.
M - a fuming brown potion A phantom comes into view.
A phantom is nearby!
Aim: a phantom (dormant)
The stone arrow hits the phantom!
Aim: a phantom (lightly damaged)
The stone arrow hits the phantom!
Aim: a phantom (heavily damaged)
The stone arrow hits the phantom!
The phantom blinks!
Aim: a phantom (almost destroyed)
The stone arrow hits the phantom!
You destroy the phantom!
Found a +0 leather armour.
You open the door.
Found five items.
A leopard gecko zombie comes into view.
There is an open door here.
A leopard gecko zombie is nearby!
You can't see any susceptible monsters within range! (Use Z to cast anyway.) Unknown command.
Unknown command.
Aim: a leopard gecko zombie (dormant)
The stone arrow hits the leopard gecko zombie!
You destroy the leopard gecko zombie!
An orc comes into view. It is wielding a +0 club.
A centaur warrior comes into view.
Aim: an orc, wielding a +0 club and wearing a +0 leather armour (asleep)
The stone arrow hits the orc!!
You kill the orc!
There is an open door here.
You see here a +0 leather armour.
You open the door.
The centaur warrior wields a +1 shortbow of freezing.
It is covered in frost.
The centaur warrior shoots an arrow.
The arrow closely misses you.
There is an open door here.
Aim: a centaur warrior, wielding a +1 shortbow of freezing and quivering 14 arrows The stone arrow hits the centaur warrior!
Aim: a centaur warrior, wielding a +1 shortbow of freezing and quivering 14 arrows (moderately wounded)
The stone arrow hits the centaur warrior!
The centaur warrior shoots an arrow.
The arrow hits you! The arrow freezes you.
Aim: a centaur warrior, wielding a +1 shortbow of freezing and quivering 13 arrows (heavily wounded)
The stone arrow hits the centaur warrior!
The centaur warrior shoots an arrow.
The arrow hits you!
* * * LOW HITPOINT WARNING * * *
The arrow freezes you.
* * * LOW HITPOINT WARNING * * *
The centaur warrior shoots an arrow.
The arrow hits you!
You die...

... , , #...#####...######+#
... ,,,,, #...#)..#[..........
... ,, , #...#...#...........
#####** ,,*
#...#...#........... #...##*
#####...#...#'#######...
.....# #.......#.8.........#
.. .....#
,,#.......#......8....# .
##...# ,#......(#...(.......#
>##..#####...###@#..![[..#####
.###.....#...#.......(...+
.####....#...#.c..8......#
_..A#....#...#.........8.#
.####....#...#######+#...# ,
.###.....#.†....... #...# ,
H##......#........., #...#,,
##.....###......... , * ,
.......#.##'######., *** ,


You could see a centaur warrior.

Vanquished Creatures
  2 ice beasts (D:5)
  2 orc warriors
  A phantom (D:8)
  2 ogres
  3 centaurs
  A crocodile (Sewer)
  A bullfrog (D:7)
  2 scorpions
  5 wights
  5 killer bees
  A howler monkey (D:6)
  A crimson imp (D:5)
  2 bullfrog zombies (D:5)
  A centaur zombie (D:6)
  4 hounds
  5 orc priests
  A bullfrog skeleton (D:8)
  An iguana (D:5)
  8 orc wizards
  6 worker ants
  A hound zombie (D:5)
  A hound skeleton (D:6)
  A worker ant zombie (D:5)
  A howler monkey skeleton (D:4)
  4 adders
  2 shadow imps
  A white imp (D:5)
  An ufetubus (D:6)
  6 oozes
  An adder skeleton (D:4)
  An adder zombie (D:6)
  7 worms
  4 dart slugs
  4 leopard geckos
  24 orcs
  2 ball pythons (D:4)
  5 bats
  11 giant cockroaches
  7 goblins
  10 hobgoblins
  14 jackals
  4 quokkas
  7 frilled lizards
  A giant cockroach zombie (D:5)
  6 kobolds
  2 leopard gecko zombies
  13 rats
195 creatures vanquished.

Notes
Turn   | Place    | Note
-------+----------+-------------------------------------------
     0 | D:1      | Apogee the Spriggan Earth Elementalist began the quest for
                  | the Orb.
     0 | D:1      | Reached XP level 1. HP: 9/9 MP: 5/5
     2 | D:1      | Found a runed translucent door.
   100 | D:1      | Reached XP level 2. HP: 13/13 MP: 5/7
   686 | D:1      | Reached skill level 4 in Stealth
   686 | D:1      | Reached XP level 3. HP: 13/16 MP: 6/8
  1285 | D:1      | Reached XP level 4. HP: 12/21 MP: 1/10
  1428 | D:1      | Learned a level 3 spell: Stone Arrow
  1478 | D:2      | Noticed Terence
  2537 | D:3      | Reached skill level 5 in Stealth
  2607 | D:3      | Reached XP level 5. HP: 24/24 MP: 9/12
  2789 | D:3      | Found a shattered altar of Ashenzari.
  2896 | D:3      | Reached skill level 1 in Conjurations
  2949 | D:3      | Became a worshipper of Ashenzari the Shackled
  3095 | D:3      | Found a glowing drain.
  3151 | Sewer    | Entered a sewer
  3394 | Sewer    | Noticed a crocodile
  3424 | Sewer    | Killed a crocodile
  3424 | Sewer    | Reached XP level 6. HP: 14/28 MP: 0/14
  3785 | D:3      | Learned a level 2 spell: Passwall
  3870 | D:3      | Reached skill level 6 in Stealth
  4344 | D:4      | Reached skill level 5 in Spellcasting
  4786 | D:4      | Found a stormy altar of Qazlal.
  4810 | D:4      | Found a blossoming altar of Fedhas.
  4819 | D:4      | Reached XP level 7. HP: 32/32 MP: 12/16
  4889 | D:4      | Found a shattered altar of Ashenzari.
  5126 | D:5      | Entered Level 5 of the Dungeon
  5127 | D:5      | Reached skill level 7 in Stealth
  5130 | D:5      | Found a sacrificial altar of Ru.
  5489 | D:5      | Reached skill level 5 in Earth Magic
  5528 | D:5      | Reached skill level 8 in Stealth
  5719 | D:5      | Reached XP level 8. HP: 36/36 MP: 3/18
  5997 | D:5      | Found a stormy altar of Qazlal.
  6271 | D:5      | Reached skill level 9 in Stealth
  6347 | D:5      | Found a hide-covered altar of Uskayaw.
  6463 | D:5      | Found a staircase to the Ecumenical Temple.
  6473 | D:5      | Found a burning altar of Makhleb.
  6511 | D:5      | Found a shimmering altar of Xom.
  7704 | D:6      | Found Moxyride's Gadget Boutique.
  7717 | D:6      | Got the uncursed robe of Fortification {+Fly rN+ Dex+3}
  7728 | D:6      | Identified the +1 robe of Fortification {+Fly rN+ Dex+3}
                  | (You found it on level 6 of the Dungeon)
  7745 | D:6      | Reached * piety under Ashenzari
  7762 | D:6      | Reached skill level 10 in Stealth
  7929 | D:6      | Found a basalt altar of Yredelemnul.
  8006 | D:6      | Found a runed translucent door.
  8007 | D:6      | Noticed Crazy Yiuf
  8112 | D:7      | Identified the +9 dagger "Jellybane" {distort, Str+7 Int+4
                  | Dex+4}
  8150 | D:7      | Found Ojarydica's Antique Armour Boutique.
  8172 | D:7      | Bought a colourful robe for 182 gold pieces
  8172 | D:7      | Identified the +1 robe "Xeisiq" {rCorr} (You bought it in a
                  | shop on level 7 of the Dungeon)
  8172 | D:7      | Bought a runed cloak for 240 gold pieces
  8223 | D:7      | Found a sparkling altar of Nemelex Xobeh.
  8236 | D:7      | Found a basalt altar of Yredelemnul.
  8292 | D:7      | Reached XP level 9. HP: 39/39 MP: 15/22
  8501 | D:7      | Found an ornate altar of the Wu Jian Council.
  8626 | D:8      | Found a runed translucent door.
  8627 | D:8      | Found a glowing golden altar of the Shining One.
  8627 | D:8      | Noticed an angel
  9008 | D:8      | Reached ** piety under Ashenzari
  9671 | D:8      | Noticed a centaur warrior
  9697 | D:8      | Shot with an arrow by a centaur warrior

Illustrated notes

Levels and vault maps discovered:
D:1:      dpeg_arrival_caged_fury, layout_loops_cross,
          chequers_serial_rivers_small_3
D:2:      layout_rooms, uniq_terence
D:3:      layout_basic, cheibrodos_sewer_entry_bend, ashenzari_altar_1
D:4:      layout_rooms, kennysheep_mini_moat, minitemple,
          hangedman_decor_points, saegor_snake_ambush
D:5:      layout_basic, grunt_temple_overflow_champion_of_chaos,
          marbit_many_paths, temple_pool_b, dk_noncrumbling_4,
          hangedman_feature_mirror, kennysheep_generic_room_3
D:6:      layout_cave_pools, kennysheep_mini, serial_shops,
          nicolae_shop_statue_plus, uniq_crazy_yiuf_cottage
D:7:      layout_cave_pools, nicolae_overflow_hidden_temple,
          nemelex_xobeh_ov_fountains_minmay, serial_shops, shop,
          yredelemnul_altar_generic
D:8:      kennysheep_blocky_room, layout_gridville, serial_glass,
          glass_columns_c, glass_columns_b, lemuel_angel_altar

Skill      XL: |  1  2  3  4  5  6  7  8  9 |
---------------+----------------------------+-----
Spellcasting   | 3 4 5 6 8 9 |  9.6
Earth Magic    | 3 4 5 6 7 |  7.6
Stealth        | 4 5 6 8 10 | 10.0
Conjurations   | 1 2 |  2.0
Dodging        | |  3.0
Transmutations | |  1.3

Action                   |  1- 3 |  4- 6 |  7- 9 || total
-------------------------+-------+-------+-------++-------
Melee: Mace              |     5 |       |       ||     5
       Short sword       |    51 |   100 |    53 ||   204
Throw: Stone             |       |     1 |     1 ||     2
 Cast: Sandblast         |    46 |   110 |    48 ||   204
       Stone Arrow       |       |    17 |   105 ||   122
Invok: Curse Item        |       |       |     3 ||     3
 Stab: Sleeping          |     4 |     5 |     8 ||    17
Armor: Robe              |     7 |    13 |     3 ||    23
Dodge: Dodged            |    45 |   149 |    67 ||   261

Table legend: (Time is in decaauts)
 A = Elapsed time spent in this place.
 B = Non-inter-level travel time spent in this place.
 C = Inter-level travel time spent in this place.
 D = Time resting spent in this place.
 E = Time spent auto-exploring this place.
 F = Levels seen in this place.
 G = Mean time per level.
                   A        B        C        D        E       F      G
               +--------+--------+--------+--------+--------+-----+--------+
         Total |   7998 |   7904 |     94 |   1735 |   4740 |   9 |  888.7 |
       Dungeon |   7553 |   7459 |     94 |   1478 |   4641 |   8 |  944.1 |
         Sewer |    444 |    444 |      0 |    257 |     99 |   1 |  444.0 |
               +--------+--------+--------+--------+--------+-----+--------+

Top non-repeatable levels by time:
     D:5: 1684 daAuts
     D:1: 1243 daAuts
     D:8: 977 daAuts
     D:3: 890 daAuts
     D:4: 867 daAuts
     D:6: 790 daAuts
     D:2: 757 daAuts
   Sewer: 444 daAuts
     D:7: 343 daAuts
